 Dungeon Crawl Stone Soup version 0.28-a0-804-g60983d4ba9 (webtiles) character file.

Game seed: 17033827459713273879

252 siradein the Covered (level 5, -2/52 (70) HPs)
             Began as a Minotaur Fighter on Nov 8, 2021.
             Slain by Edmund (8 damage)
             ... on level 4 of the Dungeon.
             The game lasted 00:15:15 (3634 turns).

siradein the Covered (Minotaur Fighter)             Turns: 3634, Time: 00:15:16

HP:   -2/52 (70)    AC: 13    Str: 21    XL:     5   Next: 89%
MP:   4/4           EV:  8    Int:  5    God:
Gold: 190           SH:  4    Dex: 10    Spells: 4/4 levels left

rFire   + + +      SeeInvis .   a - +0 long sword
rCold   + . .      Faith    .   c - +0 buckler
rNeg    . . .      Spirit   .   p - +3 chain mail {rF+}
rPois   .          Reflect  .   (helmet restricted)
rElec   .          Harm     .   i - scarf {rC+ rF+}
rCorr   +          Rampage  .   g - +0 pair of gloves
Will    .....                   (no boots)
Stlth   ..........              (no amulet)
HPRegen 0.17/turn               h - ring of protection from fire
MPRegen 0.09/turn               n - ring of resist corrosion

@: mighty, berserking, very heavily drained, very quick
A: horns 2, retaliatory headbutt
a: no special abilities


You were on level 4 of the Dungeon.
You visited 1 branch of the dungeon, and saw 4 of its levels.

You collected 190 gold pieces.

Inventory:

Hand Weapons
 a - a +0 long sword (weapon)
Armour
 c - a +0 buckler (worn)
 g - a +0 pair of gloves (worn)
 i - a scarf of resistance (worn)
 p - a +3 chain mail of fire resistance (worn)
Jewellery
 h - a ring of protection from fire (left hand)
 n - a ring of resist corrosion (right hand)
Scrolls
 f - a scroll of silence {unknown}
 k - 3 scrolls of magic mapping
 l - a scroll of fear {unknown}
 o - 2 scrolls of fog {unknown}
 r - a scroll of summoning {unknown}
 s - a scroll of teleportation {unknown}
 u - a scroll of enchant armour {unknown}
Potions
 d - a potion of might
 e - 2 potions of attraction
 j - a potion of haste
 m - a potion of cancellation {unknown}
 q - 2 potions of curing
 t - a potion of mutation {unknown}


   Skills:
 + Level 4.8 Fighting
 + Level 4.0 Long Blades
 + Level 4.8 Armour
 + Level 2.5 Dodging
 + Level 4.7 Shields


You had 4 spell levels left.
You didn't know any spells.
Your spell library contained the following spells:

 Spells                   Type           Power      Damage    Failure   Level
 Gell's Gravitas          Tloc           0%         N/A       100%        3
 Lesser Beckoning         Tloc           0%         N/A       100%        3
 Teleport Other           Tloc           0%         N/A       100%        3
 Cause Fear               Hex            0%         N/A       100%        4
 Dragon Form              Tmut           0%         N/A       100%        7
 Dragon's Call            Summ           0%         N/A       100%        9


Dungeon Overview and Level Annotations

Branches:
Dungeon (4/15)
 Temple: D:4-7

Altars:
Cheibriados
Kikubaaqudgha
Uskayaw

Shops:
D:3 (

Annotations:
D:3 1 runed translucent door, porpoise's ghost, amateur DECj
D:4 Edmund


Innate Abilities, Weirdness & Mutations

You have a pair of horns on your head.
You reflexively headbutt those who attack you in melee.


Message History

You feel drained.
You hit Edmund.
Edmund is lightly wounded.
Edmund closely misses you.
You hit Edmund.
Edmund is lightly wounded.
Edmund hits you with a +5 flail of draining.
You feel drained.
You hit Edmund. Your headbutt misses Edmund.
Edmund is lightly wounded.
Edmund closely misses you. Edmund hits you but does no damage.
You feel drained.
You hit Edmund.
Edmund is moderately wounded.
You block Edmund's attack.
You barely miss Edmund. Your headbutt misses Edmund.
Edmund is moderately wounded.
Edmund hits you with a +5 flail of draining.
You feel drained.
You are too injured to fight recklessly!
You are too injured to fight recklessly!
You are too injured to fight recklessly!
You are too injured to fight recklessly!
You feel very mighty all of a sudden.
Edmund hits you with a +5 flail of draining!
* * * LOW HITPOINT WARNING * * *
You feel drained.
* * * LOW HITPOINT WARNING * * *
You closely miss Edmund.
Edmund is moderately wounded.
Edmund hits you with a +5 flail of draining.
* * * LOW HITPOINT WARNING * * *
You feel drained.
You hit Edmund.
Edmund is moderately wounded.
Edmund barely misses you.
A red film seems to cover your vision as you go berserk!
You feel yourself moving faster!
You feel mighty!
Edmund hits you with a +5 flail of draining!
You die...

#.######...#
#.#.....#..#
#.#........########
#.#...............#
#.#.....#..########
#.#.....#.##
#.###.#.#.## #.#
#.....>####
####.#######.##.@#
...........#####@#
#..÷.............#
..###..###########
.##.##.##........#
.#.(.÷.....#####.####
.##.##..............#
###)#....#........#.#
.##)#####....#...##.#


You could see Edmund.

Vanquished Creatures
  A bullfrog (D:3)
  Ijyb (D:3)
  7 adders
  2 worms (D:3)
  2 dart slugs (D:1)
  6 orcs
  6 bats
  2 bat zombies (D:3)
  3 endoplasms
  2 giant cockroaches
  10 goblins
  8 hobgoblins
  6 jackals (D:2)
  3 quokkas
  10 ball pythons
  3 frilled lizards
  8 kobolds
  3 rats
  A rat zombie (D:3)
84 creatures vanquished.

Notes
Turn   | Place    | Note
-------+----------+-------------------------------------------
     0 | D:1      | siradein the Minotaur Fighter began the quest for the Orb.
     0 | D:1      | Reached XP level 1. HP: 19/19 MP: 0/0
   169 | D:1      | Reached XP level 2. HP: 27/27 MP: 1/1
   406 | D:1      | Found a faded altar of an unknown god.
   624 | D:1      | Reached skill level 1 in Dodging
   848 | D:2      | Reached XP level 3. HP: 26/33 MP: 2/2
  1142 | D:2      | Found a hide-covered altar of Uskayaw.
  1569 | D:3      | Found Ocrileow's Weapon Shop.
  1639 | D:3      | Reached XP level 4. HP: 40/40 MP: 3/3
  1647 | D:3      | Noticed Ijyb
  1689 | D:3      | Killed Ijyb
  1999 | D:3      | Noticed a bullfrog
  2001 | D:3      | Found a runed translucent door.
  2081 | D:3      | Noticed an ogre
  2783 | D:3      | Noticed porpoise's ghost (amateur DECj)
  2806 | D:3      | Noticed a bullfrog
  2810 | D:3      | Killed a bullfrog
  2811 | D:3      | Reached XP level 5. HP: 43/47 MP: 4/4
  2819 | D:3      | Found a snail-covered altar of Cheibriados.
  2986 | D:3      | Found an ancient bone altar of Kikubaaqudgha.
  3593 | D:4      | Noticed Edmund
  3605 | D:4      | HP: 1/37 [Edmund (5)]
  3634 | D:4      | Slain by Edmund

Illustrated notes

Levels and vault maps discovered:
D:1:      dpeg_arrival_line_fractal, layout_loops_ring,
          dreamdust_ecumenical_altar_sealed_demon
D:2:      layout_loops_ring, basic_altar
D:3:      layout_basic, lemuel_zombie_altar_kikubaaqudgha, old_standard_altar,
          ebering_ghost_sewer_d, serial_shops, nicolae_diamond_shop, uniq_ijyb
D:4:      layout_loops_corners, minmay_temple_entry_fiery,
          serial_co_window_serial, co_window_of_opportunity_a,
          co_window_corner_a, co_window_paths_a, co_window_paths_a,
          co_window_paths_a, co_window_corner_ca, co_window_corner_b,
          co_window_of_opportunity_b, co_window_of_opportunity_c,
          co_window_broadway_a, co_window_broadway_a, co_window_broadway_c,
          glass_columns_b, glass_columns_a, glass_columns_c, glass_columns_a,
          glass_columns_b, minmay_joined_circles, uniq_edmund

Skill      XL: |  1  2  3  4  5 |
---------------+----------------+-----
Dodging        | 1 2 |  2.5
Shields        | 4 |  4.7
Fighting       | 4 |  4.8
Armour         | 4 |  4.8
Long Blades    | 3 4 |  4.0

Action                   |  1- 3 |  4- 6 || total
-------------------------+-------+-------++-------
Melee: Long sword        |    95 |   116 ||   211
       Headbutt          |    12 |    21 ||    33
       Unarmed           |       |    24 ||    24
  Use: Scroll            |       |     5 ||     5
       Potion            |       |     2 ||     2
Armor: Scale mail        |     4 |       ||     4
       Chain mail        |    46 |    71 ||   117
       Skin              |       |     3 ||     3
Dodge: Dodged            |    33 |    52 ||    85
Block: Buckler           |    19 |    18 ||    37

Table legend: (Time is in decaauts)
 A = Elapsed time spent in this place.
 B = Non-inter-level travel time spent in this place.
 C = Inter-level travel time spent in this place.
 D = Time resting spent in this place.
 E = Time spent auto-exploring this place.
 F = Levels seen in this place.
 G = Mean time per level.
                   A        B        C        D        E       F      G
               +--------+--------+--------+--------+--------+-----+--------+
         Total |   3680 |   3602 |     78 |     23 |   2704 |   4 |  920.0 |
       Dungeon |   3680 |   3602 |     78 |     23 |   2704 |   4 |  920.0 |
               +--------+--------+--------+--------+--------+-----+--------+

Top non-repeatable levels by time:
     D:3: 1481 daAuts
     D:2: 840 daAuts
     D:1: 786 daAuts
     D:4: 572 daAuts
